 Dungeon Crawl Stone Soup version 0.21-a0-351-g38363bb (webtiles) character file.

270 4thArraOfDagon the Skirmisher (level 6, -1/66 HPs)
             Began as an Ogre Enchanter on Oct 9, 2017.
             Was an Initiate of Okawaru.
             Slain by a hound (5 damage)
             ... on level 5 of the Dungeon.
             The game lasted 00:11:09 (2871 turns).

4thArraOfDagon the Skirmisher (Ogre Enchanter)      Turns: 2871, Time: 00:11:10

Health: -1/66      AC:  3    Str:  9 (11) XL:     6   Next: 22%
Magic:  9/9        EV: 10    Int: 16 (18) God:    Okawaru [......]
Gold:   178        SH:  0    Dex:  8 (9)  Spells: 6/9 levels left

rFire    . . .     SeeInvis .   p - +1 whip (flame)
rCold    . . .     Gourm    .   (no shield)
rNeg     + . .     Faith    .   b - +0 robe
rPois    .         Spirit   .   (helmet restricted)
rElec    .         Reflect  .   (no cloak)
rCorr    .         Harm     .   (gloves unavailable)
MR       .....                  (boots unavailable)
Stlth    ++........             (no amulet)
HPRegen  0.21/turn              j - -2 ring of strength (curse)
MPRegen  0.11/turn              m - ring of positive energy

@: about to teleport
A: unfitting armour, tough skin 1
a: Renounce Religion


You were on level 5 of the Dungeon.
You worshipped Okawaru.
Okawaru was noncommittal.
You were not hungry.

You visited 1 branch of the dungeon, and saw 5 of its levels.

You collected 178 gold pieces.

Inventory:

Hand Weapons
 a - a +1 dagger
 h - a +0 giant spiked club
 k - a +0 flail
 p - a +1 whip of flaming (weapon)
Armour
 b - a +0 robe (worn)
Jewellery
 j - a cursed -2 ring of strength (left hand)
 m - a ring of positive energy (right hand)
Scrolls
 e - 4 scrolls of amnesia
 f - 3 scrolls of remove curse {unknown}
 i - a scroll of enchant armour {unknown}
 l - a scroll of identify {unknown}
Books
 c - a book of Maledictions

   Spells                             Type                      Level
   a - Corona                         Hexes                        1
   b - Ensorcelled Hibernation        Hexes/Ice                    2
   c - Confuse                        Hexes                        3
   d - Tukima's Dance                 Hexes                        3
   e - Dazzling Spray                 Conjuration/Hexes            3
Comestibles
 d - 2 bread rations


   Skills:
 + Level 5.0 Fighting
 - Level 0.8 Short Blades
 * Level 3.1 Maces & Flails
 - Level 1.7 Dodging
 - Level 2.1 Stealth
 - Level 2.4 Spellcasting
 - Level 2.6 Hexes
 - Level 2.4 Invocations


You had 6 spell levels left.
You knew the following spells:

 Your Spells              Type           Power        Failure   Level  Hunger
a - Corona                Hex            ##.....      7%          1    #......
b - Ensorcelled Hibernat  Hex/Ice        #.....       17%         2    ###....


Dungeon Overview and Level Annotations

Branches:
Dungeon (5/15)
 Temple: D:4-7

Altars:
Cheibriados
Okawaru
Qazlal
Uskayaw
The Shining One

Annotations:
D:3 Purgy
D:4 4thArraOfDagon's ghost, amateur OgEn


Innate Abilities, Weirdness & Mutations

You are too large for most types of armour.
You have tough skin. (AC +1)


Message History

a chain mail; a book of Minor Magic Unknown command.
Unknown command.
The hound bites you but does no damage.
Unknown command.
Unknown command.
The gnoll shaman calls upon its god to speed up the gnoll.
The gnoll seems to speed up.
The hound bites you.
* * * LOW HITPOINT WARNING * * *
Unknown command.
Unknown command.
The hound bites you.
* * * LOW HITPOINT WARNING * * *
Unknown command.
As you read the scroll of teleportation, it crumbles to dust.
You feel strangely unstable. The hound bites you.
* * * LOW HITPOINT WARNING * * *
Unknown command.
The hound bites you.
You die...

.# .. #. #. #. #.
#.###########
#.@h.gg.....#
######g###########
#..[.<.......
##gg.....####
#S.g...## #...g.##
###...# #.o.#
#...#


You could see a hound and 3 gnolls.

Vanquished Creatures
  An ogre (D:4)
  A bullfrog (D:3)
  A worker ant (D:4)
  2 adders
  3 oozes
  A dart slug (D:1)
  A leopard gecko (D:2)
  3 orcs
  3 ball pythons
  7 bats
  3 giant cockroaches
  5 hobgoblins
  12 jackals
  2 quokkas
  3 frilled lizards
  6 goblins
  8 kobolds
  6 rats
68 creatures vanquished.

Vanquished Creatures (others)
  A plant (D:4)
1 creature vanquished.

Grand Total: 69 creatures vanquished

Notes
Turn   | Place    | Note
-------+----------+-------------------------------------------
     0 | D:1      | 4thArraOfDagon the Ogre Enchanter began the quest for the Orb.
     0 | D:1      | Reached XP level 1. HP: 16/16 MP: 3/3
    21 | D:1      | Reached skill level 1 in Fighting
   203 | D:1      | Reached skill level 2 in Fighting
   203 | D:1      | Reached XP level 2. HP: 28/28 MP: 5/5
   219 | D:1      | Learned a level 2 spell: Ensorcelled Hibernation
   362 | D:2      | Found an iron altar of Okawaru.
   379 | D:2      | Became a worshipper of Warmaster Okawaru
   544 | D:1      | Reached skill level 3 in Fighting
   691 | D:1      | Reached XP level 3. HP: 27/37 MP: 6/6
  1105 | D:2      | Found a glowing golden altar of the Shining One.
  1241 | D:3      | Found a hide-covered altar of Uskayaw.
  1312 | D:3      | Found a snail-covered altar of Cheibriados.
  1443 | D:4      | Noticed a bullfrog
  1448 | D:4      | Noticed 4thArraOfDagon's ghost (amateur OgEn)
  1457 | D:3      | Killed a bullfrog
  1457 | D:3      | Reached skill level 4 in Fighting
  1457 | D:3      | Reached skill level 1 in Maces & Flails
  1457 | D:3      | Reached skill level 1 in Invocations
  1457 | D:3      | Reached XP level 4. HP: 10/49 MP: 7/7
  1491 | D:3      | Reached XP level 5. HP: 9/55 MP: 3/8
  1690 | D:3      | Found a stormy altar of Qazlal.
  2027 | D:4      | Noticed an ogre
  2103 | D:4      | Noticed a phantom
  2105 | D:4      | Noticed an ogre
  2112 | D:5      | Entered Level 5 of the Dungeon
  2132 | D:4      | Killed an ogre
  2132 | D:4      | Reached XP level 6. HP: 61/65 MP: 9/9
  2199 | D:4      | HP: 1/65 [big kobold/dagger (6)]
  2226 | D:4      | HP: 1/65 [big kobold/dagger (3)]
  2523 | D:4      | Reached skill level 5 in Fighting
  2730 | D:4      | Noticed Purgy
  2863 | D:5      | :O
  2871 | D:5      | Slain by a hound

Vault maps used:
D:1:      minmay_arrival_plants_in_alcoves, minmay_liquid_box
D:2:      nicolae_overflow_crystal_walls, tso_altar
D:3:      lemuel_crystal_altar, eat_drink_and_be_merry_uskayaw,
          grunt_qazlal_clouds, minmay_mini_jars
D:4:      zin_statuary, first_bread, minmay_misc_feat_room,
          lexackson_kobold_supper, uniq_edmund, uniq_purgy
D:5:      lemuel_round_altar, nicolae_overflow_hidden_temple, trog_book

Skill      XL: |  1  2  3  4  5  6 |
---------------+-------------------+-----
Fighting       | 2 3 4 5 |  5.0
Maces & Flails | 1 2 3 |  3.1
Invocations    | 1 2 |  2.4
Short Blades   | |  0.8
Dodging        | |  1.7
Stealth        | |  2.1
Spellcasting   | |  2.4
Hexes          | |  2.6

Action                   |  1- 3 |  4- 6 || total
-------------------------+-------+-------++-------
Melee: Dagger            |   111 |     5 ||   116
       Flail             |    35 |   101 ||   136
       Whip              |     5 |    21 ||    26
       Giant spiked club |       |     4 ||     4
 Cast: Corona            |    14 |     7 ||    21
       Ensorcelled Hiber |     2 |     6 ||     8
  Use: Scroll            |       |     3 ||     3
       Potion            |       |    10 ||    10
 Stab: Sleeping          |     9 |     1 ||    10
  Eat: Fruit             |     2 |       ||     2
       Chunk             |     1 |     4 ||     5
       Royal jelly       |       |     1 ||     1
Armor: Robe              |    57 |    50 ||   107
Dodge: Dodged            |    86 |   103 ||   189

Table legend:
 A = Spawn XP
 B = Non-spawn XP
 C = Spawn XP percentage of total XP
 D = Spawn monster count
 E = Non-spawn monster count
 F = Spawn count percentage of total count
 G = Total turns spent on level
                    A         B        C        D         E        F      G
               +---------+---------+-------+---------+---------+-------+---------
         Total |       0 |     387 |   0.0 |       0 |      68 |   0.0 |  2871
               +---------+---------+-------+---------+---------+-------+---------
           D:1 |       0 |      32 |   0.0 |       0 |      18 |   0.0 |   716
           D:2 |       0 |      23 |   0.0 |       0 |      16 |   0.0 |   697
           D:3 |       0 |     147 |   0.0 |       0 |      20 |   0.0 |   871
           D:4 |       0 |     185 |   0.0 |       0 |      14 |   0.0 |   576
               +---------+---------+-------+---------+---------+-------+---------
